ESL (28 & UNDER)
BUFFALO LIGHTSABRES @ INTERCOURSE AMISH
08/16/2029
 
TOP OF THE 1ST
Buffalo LightSabres batting - Pitching for Intercourse Amish : RHP Paul Clark
Pitching: RHP Paul Clark
Batting: RHB Earl Godwin 0-0: Swinging Strike
0-1: Ball
1-1: Called Strike
1-2: Strikes out looking
Batting: LHB Emílio Montoya 0-0: Ball
1-0: Foul Ball, location: 2F
1-1: Foul Ball, location: 2F
1-2: Strikes out swinging
Batting: LHB Rob Davidson 0-0: Foul Ball, location: 2F
0-1: Called Strike
0-2: Foul Ball, location: 2F
0-2: Strikes out swinging
Top of the 1st over - 0 runs, 0 hits, 0 errors, 0 left on base; Buffalo 0 - Intercourse 0
BOTTOM OF THE 1ST
Intercourse Amish batting - Pitching for Buffalo LightSabres : LHP Will Chapman
Pitching: LHP Will Chapman
Batting: LHB Dave Reynolds 0-0: SINGLE (Groundball, 34) (infield hit)
Batting: SHB Ralph Robison 0-0: Swinging Strike
0-1: Ball
1-1: Ball
2-1: Ball
3-1: Ground out 3-1 (Groundball, 34S)
Dave Reynolds to second
Batting: LHB Caleb Hall 0-0: Foul Ball, location: 2F
0-1: Ground out U3 (Groundball, 34S)
Dave Reynolds to third
Batting: RHB Mitsuoki Taguchi 0-0: Foul Ball, location: 2F
0-1: Fly out, F5 (Line Drive, 5)
Bottom of the 1st over - 0 runs, 1 hit, 0 errors, 1 left on base; Buffalo 0 - Intercourse 0
TOP OF THE 2ND
Buffalo LightSabres batting - Pitching for Intercourse Amish : RHP Paul Clark
Batting: RHB Augusto Padilla 0-0: Ball
1-0: Ball
2-0: Ball
3-0: Called Strike
3-1: Reached on error, E7 (Flyball, 7LS)
Batting: LHB Tim Griffith 0-0: Grounds into double play, 6-4-3 (Groundball, 6)
Batting: RHB Alfredo Villegas 0-0: Foul Ball, location: 2F
0-1: DOUBLE (Line Drive, 9LM)
Batting: RHB Júlio López 0-0: Called Strike
0-1: Ball
1-1: SINGLE (Groundball, 3D)
Alfredo Villegas to third
Runner from 3rd tries for Home, SAFE, no throw
Batting: RHB Jorge Castillo 0-0: Ball
1-0: Called Strike
1-1: Ball
2-1: Ball
3-1: SINGLE (Line Drive, 7S)
Júlio López to second
Batting: RHB Pedro Romero 0-0: Fielders Choice at 2nd, 6-4 (Groundball, 6)
Top of the 2nd over - 1 run, 3 hits, 1 error, 2 left on base; Buffalo 1 - Intercourse 0
BOTTOM OF THE 2ND
Intercourse Amish batting - Pitching for Buffalo LightSabres : LHP Will Chapman
Batting: RHB Frank Maxwell 0-0: Called Strike
0-1: Foul Ball, location: 2F
0-2: Foul Ball, location: 2F
0-2: Ball
1-2: Foul Ball, location: 2F
1-2: Ground out 4-3 (Groundball, 4)
Batting: RHB Brian Stewart 0-0: Ball
1-0: Ball
2-0: Foul Ball, location: 2F
2-1: Ball
3-1: Base on Balls
Batting: RHB Bob Carr 0-0: Ball
1-0: Ball
2-0: Fly out, F7 (Line Drive, 7LM)
Batting: LHB Tony O'Bryan 0-0: Ground out 4-3 (Groundball, 4)
Bottom of the 2nd over - 0 runs, 0 hits, 0 errors, 1 left on base; Buffalo 1 - Intercourse 0
TOP OF THE 3RD
Buffalo LightSabres batting - Pitching for Intercourse Amish : RHP Paul Clark
Batting: RHB Earl Godwin 0-0: Called Strike
0-1: Swinging Strike
0-2: Strikes out swinging, 2-3 out at first.
Batting: LHB Emílio Montoya 0-0: Ball
1-0: Foul Ball, location: 2F
1-1: Swinging Strike
1-2: Ball
2-2: Ball
3-2: Base on Balls
Batting: LHB Rob Davidson 0-0: Called Strike
Emílio Montoya steals 2nd base
0-1: Ball
1-1: Foul Ball, location: 2F
1-2: Strikes out swinging
Batting: RHB Augusto Padilla 0-0: Ball
1-0: Ball
2-0: Called Strike
2-1: DOUBLE (Flyball, 8RXD)
Emílio Montoya scores
Batting: LHB Tim Griffith 0-0: Ball
1-0: Called Strike
1-1: Ground out U3 (Groundball, 3)
Top of the 3rd over - 1 run, 1 hit, 0 errors, 1 left on base; Buffalo 2 - Intercourse 0
BOTTOM OF THE 3RD
Intercourse Amish batting - Pitching for Buffalo LightSabres : LHP Will Chapman
Batting: SHB Conan Hanson 0-0: Ground out 6-3 (Groundball, 6)
Batting: LHB Dave Reynolds 0-0: Ball
1-0: Called Strike
1-1: Fly out, F8 (Flyball, 8RM)
Batting: SHB Ralph Robison 0-0: Called Strike
0-1: Foul Ball, location: 2F
0-2: Ground out 1-3 (Groundball, 13S)
Bottom of the 3rd over - 0 runs, 0 hits, 0 errors, 0 left on base; Buffalo 2 - Intercourse 0
TOP OF THE 4TH
Buffalo LightSabres batting - Pitching for Intercourse Amish : RHP Paul Clark
Batting: RHB Alfredo Villegas 0-0: Foul Ball, location: 2F
0-1: Foul Ball, location: 2F
0-2: Strikes out swinging
Batting: RHB Júlio López 0-0: Ground out 4-3 (Groundball, 34)
Batting: RHB Jorge Castillo 0-0: Swinging Strike
0-1: Ball
1-1: Foul Ball, location: 2F
1-2: Strikes out looking
Top of the 4th over - 0 runs, 0 hits, 0 errors, 0 left on base; Buffalo 2 - Intercourse 0
BOTTOM OF THE 4TH
Intercourse Amish batting - Pitching for Buffalo LightSabres : LHP Will Chapman
Batting: LHB Caleb Hall 0-0: Foul Ball, location: 2F
0-1: Foul Ball, location: 2F
0-2: Ball
1-2: Ball
2-2: Ball
3-2: Strikes out looking
Batting: RHB Mitsuoki Taguchi 0-0: Called Strike
0-1: Ball
1-1: Swinging Strike
1-2: Ground out 5-3 (Groundball, 56S)
Batting: RHB Frank Maxwell 0-0: Ball
1-0: Called Strike
1-1: Ball
2-1: Ground out 6-3 (Groundball, 6)
Bottom of the 4th over - 0 runs, 0 hits, 0 errors, 0 left on base; Buffalo 2 - Intercourse 0
TOP OF THE 5TH
Buffalo LightSabres batting - Pitching for Intercourse Amish : RHP Paul Clark
Batting: RHB Pedro Romero 0-0: Foul Ball, location: 2F
0-1: Ball
1-1: Ball
2-1: Foul Ball, location: 2F
2-2: Foul Ball, location: 2F
2-2: Ball
3-2: Base on Balls
Batting: RHB Earl Godwin 0-0: Ball
1-0: Fielders Choice at 2nd, 6-4 (Groundball, 6)
Batting: LHB Emílio Montoya 0-0: Ball
1-0: Ball
2-0: Called Strike
2-1: Called Strike
2-2: Strikes out looking
Batting: LHB Rob Davidson 0-0: Ball
1-0: Foul Ball, location: 2F
1-1: Ball
2-1: Foul Ball, location: 2F
2-2: Ball
3-2: Ground out 4-3 (Groundball, 4M)
Top of the 5th over - 0 runs, 0 hits, 0 errors, 1 left on base; Buffalo 2 - Intercourse 0
BOTTOM OF THE 5TH
Intercourse Amish batting - Pitching for Buffalo LightSabres : LHP Will Chapman
Batting: RHB Brian Stewart 0-0: Called Strike
0-1: Foul Ball, location: 2F
0-2: Foul Ball, location: 2F
0-2: Strikes out looking
Batting: RHB Bob Carr 0-0: Swinging Strike
0-1: Foul Ball, location: 2F
0-2: SINGLE (Groundball, 56D)
Batting: LHB Tony O'Bryan 0-0: Called Strike
0-1: Fielders Choice at 2nd, 3-6 (Groundball, 34)
Batting: SHB Conan Hanson 0-0: Ball
1-0: Fielders Choice at 2nd, 6-4 (Groundball, 6)
Bottom of the 5th over - 0 runs, 1 hit, 0 errors, 1 left on base; Buffalo 2 - Intercourse 0
TOP OF THE 6TH
Buffalo LightSabres batting - Pitching for Intercourse Amish : RHP Paul Clark
Batting: RHB Augusto Padilla 0-0: Called Strike
0-1: Swinging Strike
0-2: Strikes out swinging
Batting: LHB Tim Griffith 0-0: Ball
1-0: Ball
2-0: Called Strike
2-1: Swinging Strike
2-2: Foul Ball, location: 2F
2-2: Strikes out swinging
Batting: RHB Alfredo Villegas 0-0: Foul Ball, location: 2F
0-1: Called Strike
0-2: Ground out 1-3 (Groundball, 13)
Top of the 6th over - 0 runs, 0 hits, 0 errors, 0 left on base; Buffalo 2 - Intercourse 0
BOTTOM OF THE 6TH
Intercourse Amish batting - Pitching for Buffalo LightSabres : LHP Will Chapman
Batting: LHB Dave Reynolds 0-0: Ball
1-0: Ground out 6-3 (Groundball, 6M)
Batting: SHB Ralph Robison 0-0: Swinging Strike
0-1: Ball
1-1: Ball
2-1: Ball
3-1: Base on Balls
Batting: LHB Caleb Hall 0-0: Called Strike
0-1: Ball
1-1: SINGLE (Line Drive, 6MD)
Ralph Robison to second
Batting: RHB Mitsuoki Taguchi 0-0: Ball
1-0: Ball
2-0: Ball
3-0: Base on Balls
Ralph Robison to third
Caleb Hall to second
Batting: RHB Frank Maxwell 0-0: Called Strike
0-1: Swinging Strike
0-2: Ball
1-2: Strikes out swinging
Batting: RHB Brian Stewart 0-0: Ball
1-0: Ball
2-0: Ground out U3 (Groundball, 34)
Bottom of the 6th over - 0 runs, 1 hit, 0 errors, 3 left on base; Buffalo 2 - Intercourse 0
TOP OF THE 7TH
Buffalo LightSabres batting - Pitching for Intercourse Amish : RHP Paul Clark
Batting: RHB Júlio López 0-0: Called Strike
0-1: Called Strike
0-2: Ball
1-2: Ball
2-2: Fly out, F5 (Popup, 5SF)
Batting: RHB Jorge Castillo 0-0: Called Strike
0-1: Swinging Strike
0-2: Strikes out swinging
Batting: RHB Pedro Romero 0-0: Ground out 5-3 (Groundball, 56)
Top of the 7th over - 0 runs, 0 hits, 0 errors, 0 left on base; Buffalo 2 - Intercourse 0
BOTTOM OF THE 7TH
Intercourse Amish batting - Pitching for Buffalo LightSabres : LHP Will Chapman
Batting: RHB Bob Carr 0-0: Ball
1-0: Ground out 5-3 (Groundball, 56S)
Batting: LHB Tony O'Bryan 0-0: Foul Ball, location: 2F
0-1: Ball
1-1: Ball
2-1: Foul Ball, location: 2F
2-2: DOUBLE (Flyball, 78XD)
Batting: SHB Conan Hanson 0-0: Called Strike
0-1: Ball
1-1: Ball
2-1: Foul Ball, location: 2F
2-2: SINGLE (Groundball, 56S) (infield hit)
Tony O'Bryan to third
Pinch Runner at 1st José Castillo:
Pinch Hitting: RHB Juan Estrada 0-0: Ball
1-0: Called Strike
1-1: Ball
2-1: SINGLE (Groundball, 34D)
Tony O'Bryan scores
José Castillo to second
Runner from 2nd tries for 3rd, SAFE, no throw
Batting: SHB Ralph Robison 0-0: Called Strike
0-1: Swinging Strike
0-2: Strikes out swinging
Batting: LHB Caleb Hall 0-0: Swinging Strike
0-1: Foul Ball, location: 2F
0-2: Ball
1-2: Fly out, F8 (Flyball, 8RD)
Bottom of the 7th over - 1 run, 3 hits, 0 errors, 2 left on base; Buffalo 2 - Intercourse 1
TOP OF THE 8TH
Buffalo LightSabres batting - Pitching for Intercourse Amish : RHP Paul Clark
Pitching: RHP Jeremiah Moran
Now at SS: José Castillo
Now in CF: John Jones
Batting: RHB Earl Godwin 0-0: Foul Ball, location: 2F
0-1: Ball
1-1: DOUBLE (Line Drive, 89D)
Batting: LHB Emílio Montoya 0-0: Fly out, F6 (Flyball, 56D)
Batting: LHB Rob Davidson 0-0: Intentional Walk
Batting: RHB Augusto Padilla 0-0: Fly out, F7 (Flyball, 7LM)
Batting: LHB Tim Griffith 0-0: Ball
1-0: Called Strike
1-1: Swinging Strike
1-2: Ball
2-2: Foul Ball, location: 2F
2-2: Ground out 3-1 (Groundball, 34)
Top of the 8th over - 0 runs, 1 hit, 0 errors, 2 left on base; Buffalo 2 - Intercourse 1
BOTTOM OF THE 8TH
Intercourse Amish batting - Pitching for Buffalo LightSabres : LHP Will Chapman
Pitching: RHP Junior Pineault
Now at 1B: Pat Bray
Batting: RHB Mitsuoki Taguchi 0-0: Ball
1-0: Foul Ball, location: 2F
1-1: DOUBLE (Line Drive, 89D)
Batting: RHB Frank Maxwell 0-0: Ball
1-0: Called Strike
1-1: Ball
2-1: Swinging Strike
2-2: Foul Ball, location: 2F
2-2: Foul Ball, location: 2F
2-2: Foul Ball, location: 2F
2-2: Fly out, F8 (Line Drive, 8LD)
Pinch Hitting: LHB Bruce Foster 0-0: Ball
1-0: Called Strike
1-1: Ball
2-1: Foul Ball, location: 2F
2-2: SINGLE (Groundball, 4MD)
Mitsuoki Taguchi to third
Runner from 3rd tries for Home, throw and OUT!
Bruce Foster to second
Batting: RHB Bob Carr 0-0: Ground out 6-3 (Groundball, 6MS)
Bottom of the 8th over - 0 runs, 2 hits, 0 errors, 1 left on base; Buffalo 2 - Intercourse 1
TOP OF THE 9TH
Buffalo LightSabres batting - Pitching for Intercourse Amish : RHP Jeremiah Moran
Now in RF: Bruce Foster
Batting: RHB Alfredo Villegas 0-0: Swinging Strike
0-1: Ball
1-1: Swinging Strike
1-2: Ball
2-2: Strikes out swinging
Batting: RHB Júlio López 0-0: Ball
1-0: Ball
2-0: Called Strike
2-1: Swinging Strike
2-2: Ball
3-2: Strikes out swinging
Batting: RHB Jorge Castillo 0-0: Ball
1-0: Swinging Strike
1-1: Swinging Strike
1-2: Ball
2-2: Ball
3-2: Strikes out swinging
Top of the 9th over - 0 runs, 0 hits, 0 errors, 0 left on base; Buffalo 2 - Intercourse 1
BOTTOM OF THE 9TH
Intercourse Amish batting - Pitching for Buffalo LightSabres : RHP Junior Pineault
Pitching: RHP Raymond Gibbons
Batting: LHB Tony O'Bryan 0-0: Ball
1-0: Called Strike
1-1: Ball
2-1: Ball
3-1: Ground out 6-3 (Groundball, 6)
Pinch Hitting: LHB Jesús Rojas 0-0: Ball
1-0: Fly out, F6 (Line Drive, 6M)
Batting: RHB John Jones 0-0: Ball
1-0: Ball
2-0: Swinging Strike
2-1: Foul Ball, location: 2F
2-2: Foul Ball, location: 2F
2-2: Strikes out looking
Bottom of the 9th over - 0 runs, 0 hits, 0 errors, 0 left on base; Buffalo 2 - Intercourse 1
Saturday, December 16th, 2017 - OOTP Baseball 18.8 Build 76